 Dungeon Crawl Stone Soup version 0.28-a0-697-g47f3eba078 (webtiles) character file.

Game seed: 14424224444513971198

17357 Lekart the Carver (level 12, -6/104 HPs)
             Began as a Green Draconian Fighter on Oct 23, 2021.
             Was a Priest of Makhleb.
             Mangled by a fenstrider witch (9 damage)
             ... while paralysed by a fenstrider witch
             ... in an ice cave on Oct 24, 2021.
             The game lasted 00:39:25 (17056 turns).

Lekart the Carver (Green Draconian Fighter)        Turns: 17056, Time: 00:39:26

Health: -6/104     AC: 12    Str: 23    XL:     12   Next: 18%
Magic:  17/17      EV:  2    Int:  9    God:    Makhleb [***...]
Gold:   531        SH:  0    Dex: 11    Spells: 11/17 levels left

rFire   . . .      SeeInvis .   a - +0 long sword (elec)
rCold   + . .      Faith    +   b - +0 buckler
rNeg    . . .      Spirit   .   (armour unavailable)
rPois   +          Reflect  .   w - +2 hat
rElec   .          Harm     .   (no cloak)
rCorr   .          Rampage  .   c - +0 pair of gloves
Will    .....                   v - +0 pair of boots
Stlth   ++........              i - amulet of faith
HPRegen 0.27/turn               n - ring of poison resistance
MPRegen 0.15/turn               m - ring of protection from cold

@: paralysed, lethally poisoned (-6 -> -16), very slow
A: breathe noxious fumes, AC +8, unfitting armour, poison resistance,
cold-blooded
a: Breathe Noxious Fumes, Renounce Religion, Minor Destruction, Lesser Servant
of Makhleb


You were in an ice cave.
You worshipped Makhleb.
Makhleb was most pleased with you.
You visited 2 branches of the dungeon, and saw 14 of its levels.
You also visited: Ice Cave.

You collected 636 gold pieces.
You spent 105 gold pieces at shops.

Inventory:

Hand Weapons
 a - a +0 long sword of electrocution (weapon)
 z - a +1 hand axe of flaming
Armour
 b - a +0 buckler (worn)
 c - a +0 pair of gloves (worn)
 v - a +0 pair of boots (worn)
 w - a +2 hat (worn)
Jewellery
 i - an amulet of faith (around neck)
 m - a ring of protection from cold (right hand)
 n - a ring of poison resistance (left hand)
 r - an amulet of magic regeneration
 t - an amulet of guardian spirit
Wands
 p - a wand of iceblast (7)
 x - a wand of charming (7)
 y - a wand of polymorph (5)
Scrolls
 d - a scroll of teleportation
 f - 2 scrolls of amnesia
 h - a scroll of vulnerability
 j - a scroll of noise
 k - 2 scrolls of brand weapon
 o - 2 scrolls of identify
 u - 3 scrolls of enchant weapon
 A - a scroll of immolation
Potions
 e - a potion of cancellation
 g - 2 potions of attraction
 l - a potion of haste
 q - 2 potions of resistance
 B - a potion of flight


   Skills:
 + Level 9.1 Fighting
 + Level 12.0 Long Blades
 + Level 7.9 Dodging
 + Level 5.9 Stealth
 + Level 6.3 Shields
 * Level 3.3 Spellcasting
 * Level 4.0 Transmutations
 * Level 3.8 Earth Magic
 * Level 4.9 Invocations
 + Level 2.1 Evocations


You had 11 spell levels left.
You knew the following spells:

 Your Spells              Type           Power      Damage    Failure   Level
a - Statue Form           Tmut/Erth      5%         N/A       100%        6

Your spell library contained the following spells:

 Spells                   Type           Power      Damage    Failure   Level
 Passwall                 Tmut/Erth      6%         N/A       9%          2
 Foxfire                  Conj/Fire      4%         2x1d4     28%         1
 Stone Arrow              Conj/Erth      10%        3d7       36%         3
 Corpse Rot               Necr/Air       2%         N/A       41%         2
 Ensorcelled Hibernation  Hex/Ice        2%         N/A       41%         2
 Poisonous Vapours        Pois/Air       2%         N/A       41%         2
 Static Discharge         Conj/Air       1%         N/A       41%         2
 Conjure Flame            Conj/Fire      1%         6-21      65%         3
 Inner Flame              Hex/Fire       1%         N/A       65%         3
 Swiftness                Air            1%         N/A       65%         3
 Tukima's Dance           Hex            1%         N/A       65%         3
 Leda's Liquefaction      Hex/Erth       2%         N/A       78%         4
 Lee's Rapid Deconstruct  Erth           4%         3d6*      86%         5
 Dispel Undead            Necr           1%         3d6       96%         4
 Flame Wave               Conj/Fire      1%         3d3       96%         4
 Lightning Bolt           Conj/Air       0%         1d11      100%        5
 Death Channel            Necr           0%         N/A       100%        6
 Invisibility             Hex            0%         N/A       100%        6
 Lehudib's Crystal Spear  Conj/Erth      2%         10d2      100%        8
 Maxwell's Capacitive Co  Air            0%         ∞         100%        8
 Animate Armour           Summ/Erth      Unusable   N/A       N/A         4

Dungeon Overview and Level Annotations

Branches:
Dungeon (13/15)            Temple (1/1) D:4             Orc (0/2) D:9
  IceCv (1/1)
   Lair: D:8-11      Vaults: D:13-14

Altars:
Ashenzari
Cheibriados
Dithmenos
Gozag
Kikubaaqudgha
Makhleb
Nemelex Xobeh
Okawaru
Qazlal
Ru
Sif Muna
Trog
Uskayaw
Vehumet
Wu Jian
Xom
Yredelemnul
Zin
The Shining One

Shops:
D:3 ([[:*   D:4 *:[*


Innate Abilities, Weirdness & Mutations

You can breathe blasts of noxious fumes.
Your lurid green scales are hard. (AC +8)
You cannot fit into any form of body armour.
Your system is resistant to poisons. (rPois)
You are cold-blooded and may be slowed by cold attacks.


Message History

The fenstrider witch is heavily wounded.
You block the fenstrider witch's attack.
The fenstrider witch misses you.
You slash the fenstrider witch!
Your tail-slap misses the fenstrider witch.
The fenstrider witch is severely wounded.
The fenstrider witch gestures at you while chanting.
You struggle to resist.
You slash the fenstrider witch!
Your tail-slap misses the fenstrider witch.
The fenstrider witch is severely wounded.
The fenstrider witch closely misses you.
The fenstrider witch kicks you but does no damage.
You hit the fenstrider witch.
The fenstrider witch is severely wounded.
The fenstrider witch misses you.
You block the fenstrider witch's attack.
You hit the fenstrider witch but do no damage.
The fenstrider witch is severely wounded.
The fenstrider witch casts a spell at you.
You suddenly lose the ability to move!
The fenstrider witch hits you with a +0 battleaxe of freezing.
* * * LOW HITPOINT WARNING * * *
The fenstrider witch freezes you.
* * * LOW HITPOINT WARNING * * *
The fenstrider witch kicks you but does no damage.
The fenstrider witch gestures at you while chanting.
The toxic sludge hits you but does no damage.
You are poisoned.
Splash!
You fall into the toxic bog.
Moving in this stuff is going to be slow.
You fester in the toxic bog.
You partially resist.
You are more poisoned.
* * * LOW HITPOINT WARNING * * *
x2 You feel very sick.
The fenstrider witch hits you with a +0 battleaxe of freezing.
* * * LOW HITPOINT WARNING * * *
The fenstrider witch kicks you!
You die...

#.[.# #...########
##*#.....#..#.C
#≈#####....#..#
#≈#≈#≈≈.#####..
##≈≈≈≈#○..##..#
####h≈#≈§☼##...###
##.Hh#####°☼#####**
######
#.@###*,,.§§○§.,,,*
###....###
##.†##*,.§§☼§§§.,,,
##...##...###
##..#**#○○.§.○.,**
...#.####4..##
#..### ##§..§°.**
..###.####...#
##...## **,#..#*
.###4###.4.###
###..# ******
...####..### #...##
.### #....##
###..## ## ##....##
###.....#*


You could see a fenstrider witch, a polar bear and a wolf.

Vanquished Creatures
  3 ugly things
  3 cyclopes
  A manticore (D:8)
  An unseen horror (D:7)
  A gargoyle (D:7)
  A komodo dragon (shapeshifter) (D:13)
  12 polar bears (IceCv)
  A slime creature (D:7)
  26 yaks
  2 steam dragons
  A wraith (D:7)
  A water moccasin (D:7)
  An acid dragon (D:9)
  2 orc warriors
  3 sky beasts (D:5)
  A black bear (D:7)
  3 ice beasts
  A necrophage (D:4)
  A centaur (D:5)
  9 wolves (IceCv)
  3 ogres
  2 phantoms (D:7)
  2 kobold brigands (D:8)
  3 gnoll sergeants
  3 scorpions
  A wyvern zombie (D:9)
  8 bullfrogs
  14 killer bees
  3 howler monkeys
  4 wights (D:8)
  5 hounds
  4 orc priests
  A jelly (D:5)
  A centaur skeleton (D:7)
  Natasha (D:3)
  5 iguanas
  10 orc wizards
  A killer bee zombie (D:7)
  2 hound skeletons
  2 howler monkey zombies (D:9)
  2 howler monkey skeletons
  9 gnolls
  7 adders
  2 shadow imps (D:6)
  14 white imps
  5 worms
  A dart slug (D:2)
  22 orcs
  11 endoplasms
  7 giant cockroaches
  11 hobgoblins
  12 jackals
  12 kobolds
  6 quokkas
  4 ball pythons
  5 bats
  3 frilled lizards
  6 goblins
  7 rats
295 creatures vanquished.

Vanquished Creatures (collateral kills)
  An ice statue (IceCv)
  A rime drake (IceCv)
  A polar bear (IceCv)
  4 yaks (IceCv)
  3 wolves (IceCv)
  A killer bee (D:9)
11 creatures vanquished.

Vanquished Creatures (others)
  An orc (D:7)
  2 fungi (D:11)
  17 plants
20 creatures vanquished.

Grand Total: 326 creatures vanquished

Notes
Turn   | Place    | Note
-------+----------+-------------------------------------------
     0 | D:1      | Lekart the Draconian Fighter began the quest for the Orb.
     0 | D:1      | Reached XP level 1. HP: 19/19 MP: 1/1
   273 | D:1      | Found a faded altar of an unknown god.
   458 | D:1      | Reached XP level 2. HP: 26/26 MP: 2/2
  1341 | D:1      | Reached XP level 3. HP: 26/33 MP: 3/3
  2029 | D:2      | Reached skill level 3 in Long Blades
  2029 | D:2      | Reached XP level 4. HP: 37/40 MP: 4/4
  2708 | D:3      | Found Walais's Weapon Shop.
  2757 | D:3      | Found Ezxik's Armour Emporium.
  2904 | D:3      | Reached XP level 5. HP: 31/46 MP: 5/5
  3018 | D:3      | Found Nypod's Book Shop.
  3185 | D:3      | Found Daduo's Assorted Antiques.
  3189 | D:3      | Noticed Natasha
  3198 | D:3      | Killed Natasha
  3392 | D:3      | Found Uheguan's Armour Shop.
  3420 | D:4      | Noticed a necrophage
  3431 | D:4      | Killed a necrophage
  3432 | D:4      | Reached skill level 4 in Long Blades
  3432 | D:4      | Reached XP level 6. HP: 22/52 MP: 6/6
  3639 | D:4      | Reached skill level 1 in Stealth
  3885 | D:4      | Found Onol's Book Boutique.
  3914 | D:4      | Found Hisosid's Antique Armour Emporium.
  4037 | D:4      | Found a sparkling altar of Nemelex Xobeh.
  4120 | D:4      | Found a staircase to the Ecumenical Temple.
  4127 | D:4      | Reached skill level 5 in Long Blades
  4130 | D:4      | Found Hab Viops's General Store.
  4134 | Temple   | Entered the Ecumenical Temple
  4239 | D:4      | Bought a scroll of enchant weapon for 105 gold pieces
  4304 | D:4      | Found a snail-covered altar of Cheibriados.
  4446 | D:4      | Found Etiunk's Assorted Antiques.
  4610 | D:5      | Entered Level 5 of the Dungeon
  4651 | D:5      | Noticed a sky beast
  4664 | D:5      | Killed a sky beast
  4665 | D:5      | Your scales start taking on a lurid green colour.
  4665 | D:5      | Reached XP level 7. HP: 31/60 MP: 7/7
  4665 | D:5      | Gained mutation: Your system is resistant to poisons.
                  | (rPois) [Green Draconian growth]
  4874 | D:5      | Found a hide-covered altar of Uskayaw.
  4916 | D:5      | Noticed a steam dragon
  4926 | D:5      | Killed a steam dragon
  4927 | D:5      | Reached skill level 5 in Fighting
  4927 | D:5      | Reached skill level 6 in Long Blades
  5310 | D:5      | Reached XP level 8. HP: 51/68 MP: 8/8
  5391 | D:5      | Found an iron altar of Okawaru.
  5405 | D:5      | Found an ornate altar of the Wu Jian Council.
  5611 | D:5      | Found an opulent altar of Gozag.
  5689 | D:5      | Reached skill level 7 in Long Blades
  6366 | D:6      | Reached skill level 5 in Dodging
  7589 | D:7      | Found a sacrificial altar of Ru.
  7611 | D:7      | Reached skill level 8 in Long Blades
  8176 | D:7      | Reached XP level 9. HP: 72/75 MP: 9/9
  8389 | D:7      | Reached skill level 9 in Long Blades
  8724 | D:7      | Noticed a green ugly thing
  8736 | D:7      | Killed a green ugly thing
  8741 | D:7      | Killed an unseen horror
  8742 | D:7      | Reached skill level 1 in Evocations
  8742 | D:7      | Reached XP level 10. HP: 37/86 MP: 10/10
  9073 | D:7      | Reached skill level 10 in Long Blades
  9348 | D:7      | Reached skill level 5 in Shields
  9395 | D:7      | Noticed a gargoyle
  9396 | D:7      | Noticed a cyclops
  9400 | D:7      | Killed a gargoyle
  9402 | D:7      | Noticed a cyclops
  9403 | D:7      | Killed a cyclops
  9405 | D:7      | Noticed a boulder beetle
 10165 | D:8      | Found a burning altar of Makhleb.
 10171 | D:8      | Became a worshipper of Makhleb the Destroyer
 10523 | D:8      | You fall into a shaft and drop 1 floor!
 10529 | D:9      | Reached skill level 1 in Invocations
 10552 | D:9      | Reached skill level 5 in Stealth
 10894 | D:9      | Reached skill level 11 in Long Blades
 10900 | D:9      | Reached * piety under Makhleb
 11802 | D:8      | Learned a level 6 spell: Statue Form
 11962 | D:8      | Noticed a manticore
 11973 | D:8      | Killed a manticore
 11974 | D:8      | Reached XP level 11. HP: 36/95 MP: 12/12
 12725 | D:9      | Found a staircase to the Orcish Mines.
 12762 | D:9      | Reached skill level 1 in Spellcasting
 12979 | D:8      | Reached skill level 1 in Transmutations
 13379 | D:9      | Found a basalt altar of Yredelemnul.
 13451 | D:10     | Entered Level 10 of the Dungeon
 13472 | D:10     | Reached ** piety under Makhleb
 13549 | D:10     | You fall into a shaft and drop 3 floors!
 13931 | D:12     | Reached skill level 1 in Earth Magic
 14319 | D:12     | Noticed a purple ugly thing
 14331 | D:12     | Killed a purple ugly thing
 14346 | D:11     | Found a frozen archway.
 14607 | IceCv    | Entered an ice cave
 14953 | IceCv    | Noticed a white ugly thing
 14965 | IceCv    | Killed a white ugly thing
 15232 | IceCv    | Reached *** piety under Makhleb
 16104 | IceCv    | Reached XP level 12. HP: 104/104 MP: 16/16
 16192 | IceCv    | Found the +4 skin of Zhor {*Englaciate rC+++ SInv}
 16356 | IceCv    | Noticed a frost giant
 16935 | IceCv    | Reached skill level 12 in Long Blades
 17045 | IceCv    | Noticed a fenstrider witch
 17045 | IceCv    | a frost giant changed into a fenstrider witch
 17053 | IceCv    | Paralysed by a fenstrider witch for 5 turns
 17056 | IceCv    | HP: 5/104 [poison]
 17056 | IceCv    | Mangled by a fenstrider witch

Illustrated notes

Levels and vault maps discovered:
D:1:      sevenhm_arrival_forest_fort_large_4, layout_basic,
          dreamdust_ecumenical_altar_angels_and_demons, supply_closet_lemuel
D:2:      layout_basic
D:3:      layout_basic, serial_shops, shop, nicolae_shop_behind_doors,
          nicolae_shop_waterfront, shop, nicolae_shop_crystal, uniq_natasha
D:4:      layout_loops_cross, kennysheep_mini_moat,
          mainiacjoe_overflow_tiny_flanked,
          minmay_temple_entry_drinking_statues, serial_shops,
          nicolae_shop_statue_plus, shop, nicolae_shop_overgrown_old_shop,
          nicolae_shop_crystal, amethyst_killhole, dk_vineyard_3
D:5:      layout_basic, mainiacjoe_overflow_24_doors, okawaru_gym_becter,
          amcnicky_altar_gilded, mainiacjoe_overflow_six_doors_small,
          grunt_decor_fettered
D:6:      layout_loops_ring, roderic_serpentine_path
D:7:      minmay_the_grid_triangle_9x9_rhombus_full
          [minmay_the_grid_triangle_9x9_dagger,
          minmay_the_grid_triangle_9x9_from_above,
          minmay_the_grid_triangle_9x9_swiss_cheese,
          minmay_the_grid_triangle_9x9_warning,
          minmay_the_grid_triangle_9x9_pentomino_pain,
          minmay_the_grid_triangle_9x9_checkered,
          minmay_the_grid_triangle_9x9_negative_grid,
          minmay_the_grid_triangle_9x9_prize_insulated], layout_basic,
          nicolae_ru_great_annihilating_truth
D:8:      layout_basic, makhleb_blood_cavern_becter
D:9:      layout_stronghold, mainiacjoe_overflow_alcove_2, orc_0_dummy,
          serial_bayou_pond_a, minivault_4, hangedman_abyss_or_decor_passed
D:10:     layout_irregular_city, marbit_many_paths, jmf_multi_god_temple2
D:11:     layout_basic, minmay_lair_entry_grove, portal_ice_cave_entry_imps
D:12:     layout_loops_cross, serial_shops, nicolae_shop_trees,
          kiku_gazebo_pond_becter
D:13:     layout_gridville, erik_vaults_2, serial_shops, nicolae_shop_crystal
Temple:   compressed_dpeg_circular_temple
IceCv:    ice_cave_caverns_03

Skill      XL: |  1  2  3  4  5  6  7  8  9 10 11 12 |
---------------+-------------------------------------+-----
Dodging        | 3 4 5 6 7 |  7.9
Long Blades    | 3 4 5 6 8 9 11 12 | 12.0
Fighting       | 4 5 6 7 8 9 |  9.1
Stealth        | 1 2 3 4 5 |  5.9
Shields        | 4 5 6 |  6.3
Evocations     | 1 2 |  2.1
Invocations    | 2 4 |  4.9
Spellcasting   | 3 |  3.3
Transmutations | 3 4 |  4.0
Earth Magic    | 3 |  3.8

Action                   |  1- 3 |  4- 6 |  7- 9 | 10-12 || total
-------------------------+-------+-------+-------+-------++-------
Melee: Long sword        |   110 |   179 |   266 |   649 ||  1204
       Tailslap          |    10 |    19 |    46 |    92 ||   167
Invok: Lesser Servant of |       |       |       |    12 ||    12
       Minor Destruction |       |       |       |     1 ||     1
 Abil: Breathe Noxious F |       |       |     5 |    19 ||    24
Evoke: Wand              |       |     2 |     7 |    13 ||    22
  Use: Potion            |       |     1 |     1 |     5 ||     7
       Scroll            |       |       |     8 |    12 ||    20
 Stab: Sleeping          |     1 |     1 |     5 |     3 ||    10
       Confused          |       |       |     4 |    13 ||    17
       Paralysed         |       |       |     1 |       ||     1
       Distracted        |       |       |       |     1 ||     1
Armor: Skin              |    31 |    58 |    82 |   179 ||   350
Dodge: Dodged            |    70 |   124 |   155 |   429 ||   778
Block: Buckler           |    33 |    44 |    44 |   137 ||   258

Table legend: (Time is in decaauts)
 A = Elapsed time spent in this place.
 B = Non-inter-level travel time spent in this place.
 C = Inter-level travel time spent in this place.
 D = Time resting spent in this place.
 E = Time spent auto-exploring this place.
 F = Levels seen in this place.
 G = Mean time per level.
                   A        B        C        D        E       F      G
               +--------+--------+--------+--------+--------+-----+--------+
         Total |  17073 |  16739 |    334 |   5830 |   7283 |  15 | 1138.2 |
       Dungeon |  14567 |  14238 |    329 |   4179 |   7144 |  13 | 1120.5 |
        Temple |     86 |     81 |      5 |      0 |      0 |   1 |   86.0 |
      Ice Cave |   2418 |   2418 |      0 |   1650 |    139 |   1 | 2418.0 |
               +--------+--------+--------+--------+--------+-----+--------+

Top non-repeatable levels by time:
     D:8: 2446 daAuts
   IceCv: 2418 daAuts
     D:7: 2010 daAuts
     D:5: 1667 daAuts
     D:9: 1406 daAuts
     D:1: 1405 daAuts
     D:2: 1346 daAuts
     D:6: 1296 daAuts
     D:4: 1114 daAuts
     D:3: 730 daAuts
    D:12: 430 daAuts
    D:13: 354 daAuts
    D:11: 263 daAuts
    D:10: 95 daAuts
  Temple: 86 daAuts
